 Dungeon Crawl Stone Soup version 0.13.0 (webtiles) character file.

294 Antur the Ruinous (level 5, -1/28 HPs)
             Began as a Tengu Conjurer on Oct 13, 2013.
             Slain by Grinder (9 damage)
             ... on Level 4 of the Dungeon.
             The game lasted 00:09:26 (2381 turns).

Antur the Ruinous (Tengu Conjurer)                  Turns: 2381, Time: 00:09:26

HP  -1/28        AC  2     Str  8      XL: 5   Next: 48%
MP   1/11        EV 13     Int 17      God:
Gold 127         SH  0     Dex 14      Spells:  3 memorised,  2 levels left

Res.Fire  : . . .   See Invis. : .   (no weapon)
Res.Cold  : + . .   Warding    : .   o - +0 robe
Life Prot.: . . .   Conserve   : .   (no shield)
Res.Poison: .       Res.Corr.  : .   (helmet restricted)
Res.Elec. : .       Clarity    : .   (no cloak)
Sust.Abil.: . .     Spirit.Shd : .   (no gloves)
Res.Mut.  : .       Stasis     : .   (boots unavailable)
Res.Rott. : .       Flight     : .   (no amulet)
Saprovore : . . .                    l - ring of protection from cold
                                     (no ring)

@: invisible, very slightly contaminated, slightly resistant to hostile
enchantments, fairly stealthy
A: able to fly, beak, talons 3
a: Fly


You were on level 4 of the Dungeon.
You were not hungry.

You visited 1 branch of the dungeon, and saw 4 of its levels.

You collected 107 gold pieces.

Inventory:

Missiles
 m - 18 steel darts (quivered)
Armour
 o - a +0 robe (worn)
Magical devices
 n - a wand of invisibility (4)
 p - a wand of heal wounds (0)
Comestibles
 b - 6 bread rations
 i - a rambutan
Scrolls
 e - 3 scrolls of remove curse {unknown}
 f - a scroll of identify
 h - a scroll of fog
Jewellery
 k - an uncursed ring of ice
 l - a ring of protection from cold (right hand)
Potions
 a - 2 potions of resistance {unknown}
 d - 3 potions of heal wounds
 g - 3 potions of curing
 j - a potion of mutation {unknown}
 q - 2 potions of berserk rage {unknown}
Books
 c - a book of Conjurations

   Spells                             Type                      Level
   *Magic Dart                        Conjuration                  1
   *Searing Ray                       Conjuration                  2
   *Dazzling Spray                    Conjuration/Hexes            3
   Iskenderun's Mystic Blast          Conjuration                  4
   Iskenderun's Battlesphere          Conjuration/Charms           4
   Fulminant Prism                    Conjuration/Hexes            5


   Skills:
 + Level 2.4 Dodging
 + Level 2.0 Stealth
 + Level 2.3 Spellcasting
 * Level 7.8 Conjurations


You had 2 spell levels left.
You knew the following spells:

 Your Spells              Type           Power        Failure   Level  Hunger
a - Magic Dart            Conj           ####         1%          1    #......
b - Searing Ray           Conj           ####..       1%          2    ##.....
c - Dazzling Spray        Conj/Hex       ###.....     12%         3    ####...


Dungeon Overview and Level Annotations

Branches:
Dungeon (4/27)
 Temple: D:4-7

Altars:

Annotations:
D:4 Grinder


Innate Abilities, Weirdness & Mutations

You can fly.
You have a beak for a mouth.
You have claws for feet.


Message History

The magic dart hits Grinder.
Grinder is heavily wounded.
Grinder hits you!
You writhe in agony.
* * * LOW HITPOINT WARNING * * *
Evoke which item? (* to show all) (? for menu, Esc to quit)
Zapping:
p - a wand of heal wounds {zapped: 4}
Press: ? - help, Shift-Dir - straight line, f - you, p - Grinder Nothing appears to happen.
Grinder barely misses you.
Evoke which item? (* to show all) (? for menu, Esc to quit)
Zapping:
n - a wand of invisibility {zapped: 1}
Press: ? - help, Shift-Dir - straight line, f - you
Okay, then.
Read which item? (? for menu, Esc to quit)
Okay, then.
Evoke which item? (* to show all) (? for menu, Esc to quit)
Zapping:
n - a wand of invisibility {zapped: 1}
Press: ? - help, Shift-Dir - straight line, f - you You fade into invisibility!
Grinder hits you!
You die...

+..............>..
#.......#.#.......
#.......#.##......
#.......#.#...#.#.
#.......# #.###.#.
#####.##.#.# .
#.#. #...#.##.#.#
#####...#....#.#
.......5@....#.#
#####...##.#...#
....... .#.###
....... .#.#
####... .# #... ..
#... ## #... .


You could see Grinder.

Vanquished Creatures
  Ijyb (D:3)
  Jessica (D:3)
  9 adders
  2 giant geckos
  5 bats
  5 hobgoblins
  3 ball pythons
  4 giant cockroaches
  2 giant newts (D:3)
  7 goblins
  3 jackals (D:2)
  7 kobolds
  10 rats
59 creatures vanquished.

Notes
Turn   | Place    | Note
--------------------------------------------------------------
     0 | D:1      | Antur, the Tengu Conjurer, began the quest for the Orb.
     0 | D:1      | Reached XP level 1. HP: 10/10 MP: 3/3
   117 | D:1      | Reached XP level 2. HP: 15/15 MP: 0/5
   248 | D:1      | Reached skill level 6 in Conjurations
   719 | D:2      | Reached XP level 3. HP: 13/19 MP: 2/6
   985 | D:2      | Reached XP level 4. HP: 24/24 MP: 3/8
  1043 | D:2      | Reached skill level 7 in Conjurations
  1333 | D:2      | Learned a level 2 spell: Searing Ray
  1337 | D:2      | Learned a level 3 spell: Dazzling Spray
  1648 | D:3      | Noticed Jessica
  1679 | D:3      | Killed Jessica
  1679 | D:3      | Reached XP level 5. HP: 28/28 MP: 0/11
  2028 | D:3      | Noticed Ijyb
  2161 | D:3      | Killed Ijyb
  2372 | D:4      | Noticed Grinder
  2381 | D:4      | Slain by Grinder

Action                   |  1- 3 |  4- 6 || total
-------------------------+-------+-------++-------
Melee: Unarmed           |     7 |     6 ||    13
 Cast: Magic Dart        |    48 |    63 ||   111
       Dazzling Spray    |       |     3 ||     3
       Searing Ray       |       |     3 ||     3
Evoke: Wand              |       |     1 ||     1
  Use: Potion            |     1 |     1 ||     2
       Scroll            |       |     7 ||     7
